Map: Lerilak Crest

Players

kAnJi - Winner!

  • Race: Terran Terran
  • League: Diamond

ShimOon

  • Race: Terran Terran
  • League: Master

Event: Lycan League Weekly August #3

VOD

Have the link to the VOD?

Description

Time

  • Played on: Aug. 17, 2015, 12:42 p.m.
  • Length: 18:27
Show
View Real Time Build Order
Export as new Build Order

kAnJi Terran - Winner!

Build Orders: 1/1/1 

Get SALT Encoding   

  12  0:01  SCV  
  13  0:13  SCV  
  14  0:17  Supply Depot  
  14  0:23  Refinery  
  14  0:28  SCV  
  15  0:40  SCV  
  16  0:46  Barracks  
  16  0:53  SCV  
  17  1:05  SCV  
  18  1:17  SCV  
  19  1:32  Orbital Command  
  19  1:34  Supply Depot, Marine  
  19  1:35  Factory  
  20  1:52  Marine  
  21  1:57  Refinery  
  21  1:58  SCV  
  22  2:09  Marine  
  22  2:10  SCV  
  24  2:19  Starport  
  24  2:20  Hellion  
  26  2:23  SCV  
  26  2:29  Supply Depot, Marine  
  28  2:35  SCV  
  28  2:42  Factory Tech Lab  
  28  2:47  SCV  
  28  2:49  Marine  
  30  2:59  Viking  
  30  3:00  Siege Tank  
  30  3:01  SCV  
  30  3:04  Supply Depot  
  36  3:07  Marine  
  37  3:13  SCV  
  38  3:24  Marine  
  38  3:25  SCV  
  40  3:29  Viking  
  40  3:32  Siege Tank  
  45  3:36  Supply Depot  
  45  3:40  SCV  
  46  3:42  Marine  
  47  3:55  Supply Depot  
  47  3:59  Viking  
  47  4:01  Marine  
  50  4:07  Siege Tank  
  51  4:19  SCV  
  48  4:25  Marine  
  48  4:29  Viking  
  51  4:43  Marine  
  50  4:50  Siege Tank  
  53  4:56  SCV  
  54  5:01  Marine  
  55  5:13  SCV  
  56  5:21  Medivac  
  56  5:23  Command Center  
  55  5:51  Viking  
  55  5:53  Marine  
  55  5:54  SCV  
  59  6:11  Marine  
  59  6:15  SCV  
  61  6:20  Barracks  
  61  6:21  Barracks  
  61  6:29  Marine  
  62  6:44  Viking  
  62  6:47  Siege Tank, Marine  
  68  6:59  Orbital Command  
  68  7:00  SCV  
  69  7:04  Marine  
  70  7:10  Barracks Tech Lab  
  70  7:12  SCV  
  64  7:27  Starport Reactor  
  64  7:30  Stimpack  
  64  7:31  Marauder, Marine  
  64  7:32  SCV  
  64  7:33  SCV, Barracks Tech Lab  
  62  7:49  SCV  
  53  8:04  Barracks Reactor, Marauder x2  
  53  8:05  Viking, Siege Tank  
  58  8:06  Viking  
  58  8:12  SCV  
  55  8:13  SCV  
  56  8:24  SCV, Refinery  
  56  8:25  SCV  
  58  8:29  Marine  
  58  8:30  Marine  
  60  8:35  Viking  
  60  8:36  SCV, Viking  
  60  8:41  Marine x2  
  66  8:42  SCV  
  66  8:45  Supply Depot  
  68  8:50  Combat Shields  
  68  8:52  SCV  
  68  8:53  Marine  
  70  9:00  Marine  
  70  9:01  Marine x2  
  73  9:04  SCV  
  73  9:08  Viking  
  76  9:17  SCV  
  77  9:21  Siege Tank, Marine x3  
  77  9:23  SCV  
  83  9:31  Viking  
  83  9:33  SCV, Marine  
  87  9:39  Marine  
  84  9:51  SCV  
  73  10:03  Marine x2  
  73  10:04  Medivac x2, Marauder x2  
  77  10:10  SCV  
  78  10:15  SCV  
  79  10:23  SCV  
  79  10:27  Supply Depot  
  79  10:28  SCV  
  81  10:32  Marine x2  
  81  10:34  Medivac  
  85  10:36  Refinery  
  85  11:06  Marauder, Marine  
  85  11:07  Marine, Marauder  
  91  11:14  Command Center  
  91  11:26  Engineering Bay  
  91  11:27  Engineering Bay  
  91  11:34  Marauder, Marine  
  91  11:39  Marine  
  94  11:40  Marauder  
  94  11:46  Medivac  
  99  11:47  Medivac  
  101  12:00  Marine  
  102  12:04  Supply Depot  
  102  12:21  SCV, Marine  
  102  12:22  SCV  
  101  12:23  Siege Tank  
  101  12:26  Marauder  
  96  12:37  Marine  
  96  12:38  Marauder  
  96  12:39  Marine, Medivac x2  
  96  12:40  Terran Infantry Weapons Level 1  
  90  12:47  Marauder  
  85  12:55  Siege Tank  
  86  13:01  Barracks  
  86  13:03  Barracks, Orbital Command  
  86  13:09  Marine x2  
  88  13:13  Concussive Shells  
  88  13:18  Marine x2  
  90  13:22  SCV x2  
  92  13:28  Siege Tank  
  95  13:35  Terran Infantry Armor Level 1  
  91  13:42  Marine x3  
  91  13:43  Marine  
  95  13:58  Barracks Reactor  
  95  14:00  Siege Tank, Marine x3  
  95  14:01  Armory  
  95  14:02  Barracks Reactor, Marine  
  102  14:12  Refinery x2  
  102  14:13  Medivac  
  102  14:14  Medivac  
  102  14:16  Orbital Command  
  106  14:18  Marine  
  106  14:20  Marine  
  108  14:25  Supply Depot x2  
  108  14:27  Supply Depot  
  108  14:35  Marine x2  
  108  14:36  Marine x2  
  112  14:48  Marine x4  
  114  14:53  Marine  
  114  14:57  Viking x2  
  110  15:07  Marine x5  
  110  15:08  Siege Tank  
  112  15:16  Terran Infantry Weapons Level 2  
  112  15:21  Marine  
  112  15:22  Marine x2  
  112  15:25  Marine  
  112  15:27  Medivac x2  
  117  15:37  Marine x3  
  117  15:41  Marine x3  
  117  15:42  Marine  
  122  15:44  Siege Tank  
  122  15:47  Marine  
  123  15:55  Marine x3  
  126  15:57  Medivac x2  
  126  15:59  Marine x4  
  134  16:04  Marine  
  134  16:05  SCV x2  
  137  16:13  Marine x3  
  137  16:14  Command Center  
  137  16:17  SCV, Marine x2  
  143  16:19  Terran Vehicle Weapons Level 1  
  139  16:28  Marine x3  
  139  16:31  Marine x3  
  145  16:35  Marine x2  
  146  16:40  Medivac  
  146  16:42  Medivac  
  149  16:47  Supply Depot  
  149  16:48  Supply Depot  
  149  16:49  Supply Depot x2  
  149  17:00  Barracks  
  149  17:04  Barracks  
  149  17:09  SCV x2, Marine x8  
  149  17:10  SCV  
  160  17:23  Siege Tank  
  160  17:27  Marine x5  
  160  17:28  Orbital Command  
  168  17:30  SCV  
  168  17:31  SCV  
  170  17:39  Marine x2  
  170  17:41  SCV, Marine  
  170  17:43  SCV  
  169  17:44  Marine x3  
  169  17:45  Marine  
  169  17:46  SCV  
  169  17:48  Viking x2  
  169  17:51  Barracks Reactor  
  175  17:53  SCV  
  175  17:55  SCV  
  177  18:02  Marine x3  
  177  18:03  Marine x2  
  177  18:05  SCV  
Show
View Real Time Build Order
Export as new Build Order

ShimOon Terran 

Build Orders: 1/1/1, Siege Tank Drop 

Get SALT Encoding   

  12  0:01  SCV  
  13  0:13  SCV  
  14  0:17  Supply Depot  
  14  0:25  SCV  
  14  0:27  Refinery  
  15  0:39  SCV  
  16  0:46  Barracks  
  16  0:51  SCV  
  17  1:03  SCV  
  18  1:15  SCV  
  19  1:27  SCV  
  20  1:34  Factory  
  20  1:35  Marine  
  21  1:41  Orbital Command  
  21  1:43  Supply Depot  
  21  1:45  Refinery  
  21  1:53  Marine  
  22  2:06  SCV  
  23  2:11  Marine  
  24  2:18  SCV, Starport  
  24  2:19  Factory Tech Lab  
  25  2:29  Marine  
  26  2:31  SCV  
  26  2:34  Supply Depot  
  27  2:41  Siege Tank  
  27  2:43  SCV  
  31  2:56  SCV, Medivac, Marine  
  35  3:02  Supply Depot  
  34  3:08  SCV  
  35  3:13  Marine  
  36  3:20  SCV  
  36  3:26  Viking  
  39  3:31  Marine  
  39  3:32  SCV  
  39  3:33  Siege Tank  
  44  3:44  SCV  
  45  3:58  SCV  
  45  4:00  Command Center  
  45  4:01  Barracks Reactor  
  46  4:20  Viking  
  46  4:22  SCV  
  44  4:24  Supply Depot  
  44  4:25  Siege Tank  
  47  4:37  Supply Depot  
  47  4:46  SCV  
  48  4:57  Barracks Reactor  
  48  4:58  SCV  
  48  4:59  Siege Tank  
  52  5:07  Barracks  
  52  5:08  Barracks Tech Lab  
  52  5:10  SCV  
  52  5:14  Barracks  
  52  5:20  Viking  
  54  5:23  SCV  
  54  5:33  Orbital Command  
  50  5:42  SCV  
  51  5:49  Marine  
  49  5:54  SCV  
  50  5:58  Supply Depot  
  50  6:00  SCV  
  50  6:03  Barracks Reactor  
  51  6:05  Viking  
  51  6:06  SCV, Viking  
  56  6:11  Marine  
  56  6:12  SCV  
  58  6:18  SCV  
  58  6:24  SCV  
  60  6:29  Marine  
  61  6:37  Viking  
  61  6:38  Viking  
  62  6:40  Marine x2  
  62  6:47  SCV  
  62  6:50  Marine x2  
  63  6:56  Orbital Command  
  63  6:58  Marine x2  
  64  7:05  SCV  
  64  7:08  Marine x2  
  64  7:16  Marine  
  65  7:24  SCV  
  65  7:26  SCV  
  65  7:27  Marine x3  
  70  7:34  Marine  
  66  7:47  SCV  
  66  7:50  Siege Tank  
  53  8:08  Viking  
  50  8:16  Marine x2  
  50  8:18  Marine x2  
  54  8:22  Siege Tank  
  57  8:28  Orbital Command  
  57  8:34  Marine  
  58  9:05  Siege Tank  
  58  9:07  Marine  
  58  9:08  Marine  
  63  9:13  SCV  
  63  9:14  Marine  
  63  9:15  Marine  
  65  9:25  SCV  
  65  9:26  Marine x2  
  68  9:32  Marine  
  68  9:37  SCV  
  69  9:45  Viking  
  71  9:53  Marine  
  71  9:55  Marine  
  51  10:00  Marine x2  
  38  10:07  Siege Tank  
  41  10:15  SCV, Refinery  
  41  10:16  Refinery  
  41  10:18  Marine x2  
  44  10:23  Command Center  
  44  10:27  SCV  
  44  10:28  Marine x2  
  47  10:36  Marine x2  
  47  10:40  SCV  
  50  10:45  Marine  
  50  10:46  Marine  
  52  10:50  Combat Shields  
  52  10:52  SCV  
  52  10:54  Marine x2  
  55  11:03  Marine x2  
  55  11:04  SCV  
  58  11:11  Marine  
  58  11:16  SCV  
  58  11:17  Marine  
  61  11:21  Command Center  
  61  11:32  Marine x3  
  64  11:35  Marine  
  63  11:42  Orbital Command  
  63  11:47  SCV  
  63  11:49  Marine  
  63  11:50  Marine  
  63  11:51  Marine  
  63  11:53  Marine  
  68  11:59  SCV  
  69  12:05  Medivac  
  69  12:07  Marine  
  72  12:08  Marine x2  
  72  12:10  SCV  
  72  12:11  SCV  
  72  12:14  Siege Tank  
  79  12:22  SCV  
  80  12:25  Marine x2  
  80  12:26  SCV  
  80  12:27  Marine x2  
  70  12:42  SCV  
  70  12:43  Marine x2  
  51  12:45  SCV, Marine  
  51  12:46  Marine  
  46  12:54  SCV  
  46  12:58  Medivac  
  47  13:00  SCV  
  47  13:01  Marine x2  
  47  13:03  Marine  
  47  13:04  Orbital Command  
  51  13:06  SCV  
  52  13:13  SCV  
  52  13:18  SCV  
  52  13:19  Marine x2  
  55  13:21  Marine  
  55  13:25  SCV  
  58  13:30  SCV  
  58  13:32  Marine  
  58  13:33  SCV  
  60  13:37  SCV, Marine x2  
  63  13:42  SCV  
  63  13:44  Marine  
  63  13:45  SCV  
  66  13:49  SCV  
  66  13:50  Medivac  
  66  13:51  Marine  
  66  13:54  SCV  
  66  13:55  Stimpack  
  71  13:57  SCV  
  71  13:59  Medivac  
  71  14:01  SCV  
  75  14:06  SCV, Siege Tank  
  75  14:08  Marine  
  75  14:09  SCV  
  81  14:13  SCV  
  81  14:15  Marine x3  
  85  14:18  SCV  
  85  14:21  SCV  
  85  14:25  SCV  
  85  14:26  Engineering Bay, Marine  
  85  14:27  Engineering Bay  
  85  14:29  Medivac  
  89  14:33  SCV, Marine x3  
  89  14:36  SCV  
  89  14:37  SCV  
  95  14:41  Siege Tank  
  98  14:45  SCV  
  98  14:48  SCV  
  98  14:49  SCV  
  98  14:52  Marine x2  
  101  14:56  Supply Depot  
  101  14:57  Supply Depot  
  101  14:58  SCV  
  101  15:02  SCV x2  
  90  15:10  SCV  
  90  15:11  Marine  
  90  15:12  Marine x3  
  71  15:15  Siege Tank  
  71  15:17  SCV x2  
  71  15:19  Medivac  
  71  15:20  Medivac  
  77  15:29  Marine  
  77  15:38  SCV  
  77  15:39  SCV  
  66  15:44  Marine  
  66  15:45  Marine  
  66  15:46  Barracks Reactor  
  57  16:03  Marine x3  
  59  16:06  SCV x2  
  61  16:18  SCV x2  
  59  16:21  Marine x2  
  59  16:22  Terran Infantry Weapons Level 1, Terran Infantry Armor Level 1  
  54  16:27  Marine x2  
  54  16:28  Marine  
  54  16:30  SCV x2  
  56  16:39  Marine x2  
  58  16:42  SCV x2  
  58  16:43  Siege Tank  
  58  16:45  Marine x3  
  65  16:54  SCV x2  
  65  16:57  Marine x2  
  69  17:03  Marine x3  
  69  17:06  SCV x2  
  74  17:14  Marine  
  74  17:15  Marine  
  76  17:16  Siege Tank  
  76  17:18  SCV  
  76  17:21  Marine x3  
  83  17:32  Marine x2  
  84  17:38  Marine  
  84  17:39  Marine x2  
  70  17:50  Marine x2  
  72  17:52  Orbital Command  
  72  17:56  Marine  
  72  17:57  Marine x2  
  75  18:08  Marine x2  

Tags
 
Add a new tag
Caveats
  • Supply blocks, unpowered buildings, or Contaminate may cause inaccurate times.
  • Supply counts are checked every 10 seconds.